 Dungeon Crawl Stone Soup version 0.27-a0-679-g77a6b55cf3 (webtiles) character file.

Game seed: 1796781483998050164

32 jestyr24 the Firebug (level 3, 0/24 HPs)
             Began as a Demonspawn Fire Elementalist on Mar 18, 2021.
             Slain by an ice beast (11 damage)
             ... on level 1 of the Dungeon.
             The game lasted 00:09:47 (1498 turns).

jestyr24 the Firebug (Demonspawn Fire Elementalist) Turns: 1498, Time: 00:09:48

Health: 0/24       AC:  4    Str:  8    XL:     3   Next: 10%
Magic:  4/6        EV: 12    Int: 17    God:
Gold:   17         SH:  5    Dex: 13    Spells: 5/6 levels left

rFire    . . .     SeeInvis .   e - +0 long sword
rCold    . . .     Faith    .   (no shield)
rNeg     . . .     Spirit   .   a - +0 robe
rPois    .         Reflect  +   (no helmet)
rElec    .         Harm     .   (no cloak)
rCorr    .         Rampage  .   (no gloves)
Will     .....                  (no boots)
Stlth    ++........             c - amulet of reflection
HPRegen  0.08/turn              (no ring)
MPRegen  0.10/turn              (no ring)

@: no status effects
A: iridescent scales 1
a: no special abilities


You were on level 1 of the Dungeon.
You visited 1 branch of the dungeon, and saw 2 of its levels.

You collected 17 gold pieces.

Inventory:

Hand Weapons
 e - a +0 long sword (weapon)
Missiles
 h - 9 poisoned darts
Armour
 a - a +0 robe (worn)
Jewellery
 c - an amulet of reflection (around neck)
Scrolls
 b - a scroll of brand weapon {unknown}
 g - a scroll of amnesia {unknown}
Potions
 d - a potion of flight {unknown}
 f - a potion of berserk rage {unknown}


   Skills:
 + Level 0.2 Fighting
 + Level 0.5 Long Blades
 + Level 2.0 Dodging
 + Level 1.8 Stealth
 + Level 0.3 Shields
 + Level 0.1 Unarmed Combat
 + Level 2.4 Spellcasting
 + Level 1.1 Conjurations
 + Level 3.0 Fire Magic


You had 5 spell levels left.
You knew the following spells:

 Your Spells              Type           Power      Damage    Failure   Level
a - Foxfire               Conj/Fire      36%        2x1d5     8%          1

Your spell library contained the following spells:

 Spells                   Type           Power      Damage    Failure   Level
 Animate Skeleton         Necr           4%         N/A       19%         1
 Apportation              Tloc           4%         N/A       19%         1
 Corona                   Hex            2%         N/A       19%         1
 Summon Small Mammal      Summ           8%         N/A       19%         1
 Conjure Flame            Conj/Fire      9%         6-21      24%         3
 Inner Flame              Hex/Fire       7%         N/A       30%         3
 Sticky Flame             Conj/Fire      9%         2d3       61%         4
 Fireball                 Conj/Fire      4%         3d4       91%         5


Dungeon Overview and Level Annotations

Branches:
Dungeon (2/15)

Altars:


Innate Abilities, Weirdness & Mutations

You are partially covered in iridescent scales. (AC +2)


Message History

You kill the kobold!
You start resting.
Your foxfire dissipates!
You start resting.
Magic restored.
You start resting.
HP restored.
Things that are here:
a +0 club; a kobold skeleton Done exploring.
Done exploring.
There is a stone staircase leading down here.
You climb downwards.
There is a stone staircase leading up here.
Casting: Foxfire (safe; 8% risk of failure)
Confirm with . or Enter, or press ? or * to list all spells.
You conjure some foxfire!
You hit the ice beast.
The ice beast is lightly wounded.
The foxfire hits the ice beast but does no damage.
The ice beast is lightly wounded.
The ice beast hits you. The ice beast freezes you!
The ice beast closely misses you.
Your foxfire dissipates!
The ice beast closely misses you.
You climb upwards.
There is a stone staircase leading down here.
You open the door.
There is an open door here.
Casting: Foxfire (safe; 8% risk of failure)
Confirm with . or Enter, or press ? or * to list all spells.
You conjure some foxfire!
You block the ice beast's attack.
The foxfire hits the ice beast.
The ice beast is moderately wounded.
The foxfire hits the ice beast but does no damage.
The ice beast is moderately wounded.
Casting: Foxfire (safe; 8% risk of failure)
Confirm with . or Enter, or press ? or * to list all spells.
You conjure some foxfire!
The ice beast hits you. The ice beast freezes you!
You die...

##.##### ##.††.### #.# #......#
#.#..# #.# #..###.# #)...# #.#
##..###.# ###.## #.# ........#
##'## ##.## .#...#..# ##...##
#...# .#.#.#..# ##.....## ##...#
.#.#.#..# ##...v...## ##...†#
.#.#....####....@§...####....####
...........+...vY....'...........
####....####.........####.......#
#.#.## ##.......## #.#####.#
#.### ##.....## #.# #.# #.#
##...## #.# #)# #.# ##'## #.# #.#
#.# #.# #.#####.# #.# #.#
#...)...#


You could see an ice beast (ally target).

Vanquished Creatures
  A gnoll (D:1)
  A dart slug (D:2)
  3 bats (D:1)
  3 jackals (D:1)
  A quokka (D:2)
  A ball python (D:1)
  A frilled lizard (D:1)
  6 goblins
  3 kobolds
  2 rats (D:1)
22 creatures vanquished.

Vanquished Creatures (others)
  41 foxfires
41 creatures vanquished.

Grand Total: 63 creatures vanquished

Notes
Turn   | Place    | Note
-------+----------+-------------------------------------------
     0 | D:1      | jestyr24 the Demonspawn Fire Elementalist began the quest
                  | for the Orb.
     0 | D:1      | Reached XP level 1. HP: 13/13 MP: 3/3
   425 | D:1      | Gained mutation: You are partially covered in iridescent
                  | scales. (AC +2) [demonic ancestry]
   425 | D:1      | Reached XP level 2. HP: 13/19 MP: 1/5
   676 | D:1      | Reached skill level 3 in Fire Magic
  1128 | D:2      | Reached XP level 3. HP: 20/24 MP: 3/6
  1185 | D:2      | Noticed an ice beast
  1498 | D:1      | Slain by an ice beast

Illustrated notes

Levels and vault maps discovered:
D:1:      dpeg_arrival_tiny_i, layout_loops_corners
D:2:      layout_basic, nicolae_vehumet_radiance, minmay_close_crescents

Skill      XL: |  1  2 |
---------------+-------+-----
Fire Magic     | 3 |  3.0
Dodging        | 2 |  2.0
Fighting       | |  0.2
Long Blades    | |  0.5
Stealth        | |  1.8
Shields        | |  0.3
Unarmed Combat | |  0.1
Spellcasting   | |  2.4
Conjurations   | |  1.1

Action                   || total
-------------------------++-------
Melee: Unarmed           ||     7
       Long sword        ||    27
 Cast: Foxfire           ||    28
Armor: Robe              ||    22
Dodge: Dodged            ||    37
Block: Other             ||    14
       Rpst.: Long sword ||     9

Table legend: (Time is in decaauts)
 A = Elapsed time spent in this place.
 B = Non-inter-level travel time spent in this place.
 C = Inter-level travel time spent in this place.
 D = Time resting spent in this place.
 E = Time spent auto-exploring this place.
 F = Levels seen in this place.
 G = Mean time per level.
                   A        B        C        D        E       F      G
               +--------+--------+--------+--------+--------+-----+--------+
         Total |   1509 |   1471 |     38 |    443 |    695 |   2 |  754.5 |
       Dungeon |   1509 |   1471 |     38 |    443 |    695 |   2 |  754.5 |
               +--------+--------+--------+--------+--------+-----+--------+

Top non-repeatable levels by time:
     D:1: 1394 daAuts
     D:2: 115 daAuts
